 Dungeon Crawl Stone Soup version 0.24.0-10-g970556be89 (console) character file.

Game seed: 2555433862444207376, levelgen mode: deterministic

85601 AlterAsc the Brawler (level 15, -23/99 HPs)
             Began as a Tengu Gladiator on Nov 3, 2019.
             Was a High Priest of Okawaru.
             Killed from afar by a shock serpent (29 damage)
             ... with a bolt of electricity
             ... on level 1 of the Snake Pit.
             The game lasted 01:50:50 (21906 turns).

AlterAsc the Brawler (Tengu Gladiator)             Turns: 21906, Time: 01:50:51

Health: -23/99     AC: 20    Str: 20    XL:     15   Next: 84%
Magic:  21/21      EV: 34    Int: 12    God:    Okawaru [*****.]
Gold:   2054       SH:  0    Dex: 24    Spells: 14/14 levels left

rFire    . . .     SeeInvis .     - Unarmed
rCold    . . .     Gourm    .   (no shield)
rNeg     . . .     Faith    .   A - +1 chain mail "Yseraih" {Regen+}
rPois    +         Spirit   .   E - +1 hat {Int+3}
rElec    .         Reflect  .   j - +2 cloak
rCorr    .         Harm     .   X - +2 pair of gloves {Dex+3}
MR       +....                  (boots unavailable)
Stlth    ..........             s - amulet of the acrobat
HPRegen  0.66/turn              u - +5 ring of dexterity
MPRegen  0.17/turn              Y - ring of poison resistance

@: acrobat, flying quickly and evasively, very slightly contaminated, studying
Necromancy, quick
A: beak, talons 3, able to fly
a: Stop Flying, Heroism, Finesse, Renounce Religion


You were on level 1 of the Snake Pit.
You worshipped Okawaru.
Okawaru was extremely pleased with you.
You were not hungry.

You visited 5 branches of the dungeon, and saw 22 of its levels.
You also visited: Bailey and Ice Cave.

You collected 2054 gold pieces.

Inventory:

Armour
 b - a +2 robe of magic resistance
 j - a +2 cloak (worn)
 n - a scarf of resistance
 A - the +1 chain mail "Yseraih" (worn) {Regen+}
   (You found it on level 4 of the Dungeon)

   It increases your rate of regeneration.
 E - a +1 hat of intelligence (worn)
 V - a scarf of repulsion
 X - a +2 pair of gloves of dexterity (worn)
Jewellery
 o - an uncursed ring of protection from magic
 s - an amulet of the acrobat (around neck)
 u - a +5 ring of dexterity (left hand)
 y - an uncursed ring of positive energy
 z - an uncursed ring of positive energy
 C - an uncursed ring of protection from cold
 F - an uncursed ring of magical power
 I - an uncursed ring of protection from fire
 Y - a ring of poison resistance (right hand)
Wands
 c - a wand of polymorph (20)
 p - a wand of paralysis (5)
 v - a wand of disintegration (28)
 w - a wand of acid (9)
 O - a wand of iceblast (20)
 R - a wand of digging (8)
 T - a wand of flame (17)
Scrolls
 a - 7 scrolls of remove curse
 e - a scroll of fear
 f - 7 scrolls of enchant weapon
 g - 7 scrolls of teleportation
 k - 8 scrolls of immolation
 m - a scroll of holy word {unknown}
 t - a scroll of amnesia {unknown}
 x - a scroll of fog
 K - a scroll of magic mapping
 L - a scroll of noise {unknown}
 M - a scroll of silence {unknown}
 N - 13 scrolls of identify
 S - a scroll of acquirement {unknown}
 U - a scroll of enchant armour
Potions
 h - 2 potions of agility
 i - a potion of might {unknown}
 l - 3 potions of flight {unknown}
 q - 3 potions of magic
 B - 3 potions of heal wounds
 D - 9 potions of curing
 G - 5 potions of degeneration {unknown}
 H - 4 potions of brilliance {unknown}
 P - 5 potions of lignification {unknown}
 Q - 2 potions of resistance {unknown}
 W - 2 potions of mutation {unknown}
 Z - a potion of berserk rage {unknown}
Books
 J - a manual of Necromancy
Comestibles
 d - 51 rations


   Skills:
 + Level 13.3 Fighting
 - Level 2.0 Throwing
 + Level 10.4 Armour
 + Level 11.1 Dodging
 * Level 19.3 Unarmed Combat
 - Level 7.0 Invocations


You had 14 spell levels left.
You didn't know any spells.
Your spell library contained the following spells:

 Spells                   Type           Power        Failure   Level  Hunger
 Confusing Touch          Hex            #.....       93%         1    ##.....
 Flame Tongue             Conj/Fire      #....        93%         1    ##.....
 Magic Dart               Conj           #...         93%         1    ##.....
 Blink                    Tloc           N/A          98%         2    ###....
 Call Imp                 Summ           #.......     98%         2    ###....
 Slow                     Hex            #.......     98%         2    ###....
 Confuse                  Hex            #.......     100%        3    ####...
 Conjure Flame            Conj/Fire      #.......     100%        3    ####...
 Gell's Gravitas          Tloc           #.........   100%        3    ####...
 Mephitic Cloud           Conj/Pois/Air  #.......     100%        3    ####...
 Cause Fear               Hex            #.........   100%        4    #####..
 Petrify                  Tmut/Erth      #.......     100%        4    #####..
 Metabolic Englaciation   Hex/Ice        #.........   100%        5    ######.
 Yara's Violent Unravell  Hex/Tmut       #.........   100%        5    ######.
 Bolt of Fire             Conj/Fire      #.........   100%        6    #######
 Dragon Form              Tmut           #.........   100%        7    #######
 Dragon's Call            Summ           #.........   100%        9    #######


Dungeon Overview and Level Annotations

Branches:
Dungeon (13/15)            Temple (1/1) D:6            Lair (6/6) D:8
 Shoals (0/4) Lair:2        Snake (1/4) Lair:2        Slime (0/5) Lair:5
    Orc (1/2) D:10         Vaults (0/5) D:13         Bailey (visited)
  IceCv (visited)

Altars:
Ashenzari
Cheibriados
Dithmenos
Elyvilon
Fedhas
Gozag
Hepliaklqana
Kikubaaqudgha
Makhleb
Nemelex Xobeh
Okawaru
Qazlal
Ru
Sif Muna
Trog
Uskayaw
Vehumet
Wu Jian
Xom
Yredelemnul
Zin
The Shining One
Jiyva

Shops:
D:6 (

Annotations:
D:4 1 runed translucent door, exclusion: door, Crazy Yiuf
D:6 2 runed translucent doors, losten's ghost, novice DsBe


Innate Abilities, Weirdness & Mutations

You have a beak for a mouth.
You have claws for feet.
You can fly continuously.


Message History

The shock serpent's electric aura discharges, shocking you!
The shock serpent shoots out a bolt of lightning at you!
The bolt of electricity hits you!
You pummel the shock serpent!! You claw the shock serpent!
The shock serpent is severely wounded.
The shock serpent's electric aura discharges violently, shocking you!
The shock serpent bites you but does no damage.
The naga sharpshooter unwields a +0 halberd.
The naga sharpshooter wields a +0 shortbow.
The naga sharpshooter shoots an arrow.
The arrow hits you!
Blink to where?
Press: ? - help, Dir - move target cursor You are very lightly contaminated with residual magic.
As you read the scroll of blinking, it crumbles to dust.
The shock serpent shoots out a bolt of lightning at you!
The bolt of electricity hits you!!
* * * LOW HITPOINT WARNING * * *
The shock serpent shoots out a bolt of lightning at you!
The bolt of electricity hits you!!
You die...

..
#..........##....##....## .
#....##S...##...)##....##
#....##....##....##....##
......##....##....##....##
.......##....##..........##
....... #....##..........##
....... #....##..........##
#....##..........##
#†@..##....##......
#(...##....##......
#....##....##.....#
##....##....##....##
######.....##....##....##
#..........##....##....##
#..........##....##....##
#..........##....##....##
..#
#....##....##....##....##


You could see a shock serpent.

Vanquished Creatures
  Jorgrun (D:13)
  Gastronok (Lair:3)
  An ironheart preserver (D:13)
  A stone giant (D:11)
  Nessos (D:13)
  3 ettins (D:11)
  A dire elephant (Lair:6)
  Josephine (D:11)
  Harold (D:8)
  2 naga warriors (Snake:1)
  4 hydras (Lair:6)
  3 catoblepae
  A centaur warrior (D:10)
  8 death yaks
  4 anacondas (Snake:1)
  A deep troll shaman (Lair:6)
  Urug (Lair:3)
  A naga sharpshooter (Snake:1)
  Nergalle (Lair:1)
  3 unseen horrors
  A wolf spider zombie (D:12)
  A lindwurm (Lair:5)
  A naga ritualist (Snake:1)
  2 mana vipers (Snake:1)
  A necromancer (IceCv)
  An oklob plant (Lair:6)
  2 ugly things (D:13)
  15 cyclopes
  4 elephants (Lair:6)
  A torpor snail (Lair:5)
  A naga mage (Snake:1)
  Joseph (D:10)
  2 ice statues (IceCv)
  6 black mambas
  A black mamba (shapeshifter) (D:13)
  13 spiny frogs
  A gargoyle (D:13)
  A rime drake (Lair:1)
  9 komodo dragons
  An efreet (D:13)
  8 ice devils (IceCv)
  A queen bee (Lair:5)
  3 polar bears
  6 meliai
  2 trolls (D:13)
  8 blink frogs
  A hornet (D:13)
  9 hippogriffs
  8 slime creatures (D:12)
  44 yaks
  4 hogs (D:9)
  4 wyverns
  A human (D:9)
  4 wraiths (D:11)
  3 basilisks
  3 vampire mosquitoes
  A warg (D:11)
  Grum (D:9)
  16 water moccasins
  8 nagas
  8 porcupines
  17 orc warriors
  2 sky beasts
  9 ice beasts
  27 wolves
  2 necrophages
  5 phantoms
  2 ogres
  8 crocodiles
  11 centaurs
  A big kobold (D:12)
  15 bullfrogs
  A gnoll sergeant (D:6)
  A troll zombie (D:10)
  3 scorpions
  13 wights
  33 killer bees
  2 electric eels (D:12)
  2 howler monkeys
  4 crimson imps
  2 draconian simulacra (IceCv)
  2 bullfrog skeletons
  3 centaur zombies
  8 hounds
  2 bullfrog zombies
  2 gnoll shamans
  2 jellies
  A quasit (D:9)
  7 orc priests
  15 orc wizards
  2 centaur skeletons
  5 iguanas
  2 hell rats (Lair:3)
  3 worker ants
  4 troll simulacra (IceCv)
  A centaur simulacrum (IceCv)
  7 ogre zombies (D:10)
  A hound zombie (D:9)
  A hound skeleton (D:6)
  11 gnolls
  A worker ant zombie (D:10)
  2 naga simulacra (IceCv)
  13 adders
  An ogre simulacrum (IceCv)
  7 river rats
  A shadow imp (D:12)
  2 adder skeletons
  2 dart slugs
  2 worms
  7 leopard geckos
  56 orcs
  2 ball pythons
  7 giant cockroaches
  6 goblins
  7 hobgoblins
  4 jackals (D:1)
  7 quokkas
  7 bats
  4 frilled lizards
  A goblin skeleton (D:10)
  4 goblin zombies (D:10)
  2 hobgoblin skeletons (D:10)
  2 hobgoblin zombies (D:10)
  A jackal zombie (D:9)
  18 kobolds
  3 orc skeletons (D:10)
  13 orc zombies (D:10)
  A quokka skeleton (D:9)
  A quokka zombie (D:6)
  19 rats
690 creatures vanquished.

Vanquished Creatures (others)
  13 fungi
  11 plants
24 creatures vanquished.

Grand Total: 714 creatures vanquished

Notes
Turn   | Place    | Note
-------+----------+-------------------------------------------
     0 | D:1      | AlterAsc the Tengu Gladiator began the quest for the Orb.
     0 | D:1      | Reached XP level 1. HP: 12/12 MP: 2/2
    72 | D:1      | Reached XP level 2. HP: 15/17 MP: 3/3
   375 | D:1      | Reached XP level 3. HP: 22/22 MP: 4/4
   922 | D:2      | Reached skill level 4 in Unarmed Combat
  1426 | D:2      | Reached XP level 4. HP: 27/27 MP: 5/5
  1567 | D:2      | Noticed a phantom
  1992 | D:3      | Gained mutation: You can fly continuously. [Tengu growth]
  1992 | D:3      | Reached XP level 5. HP: 25/32 MP: 6/6
  2116 | D:3      | Reached skill level 5 in Unarmed Combat
  2501 | D:2      | Found a shimmering altar of Xom.
  2590 | D:2      | Killed a phantom
  2590 | D:2      | Reached XP level 6. HP: 22/37 MP: 7/7
  2598 | D:2      | Found a hide-covered altar of Uskayaw.
  2959 | D:4      | Reached skill level 6 in Unarmed Combat
  3202 | D:3      | Reached skill level 5 in Dodging
  3807 | D:4      | Reached XP level 7. HP: 40/43 MP: 8/8
  4131 | D:4      | Found a blossoming altar of Fedhas.
  4230 | D:4      | Got an encrusted chain mail
  4241 | D:4      | Identified the cursed +1 chain mail "Yseraih" {Regen+} (You
                  | found it on level 4 of the Dungeon)
  4270 | D:4      | Found a runed translucent door.
  4271 | D:4      | Noticed Crazy Yiuf
  4346 | D:4      | Reached skill level 7 in Unarmed Combat
  4539 | D:5      | Entered Level 5 of the Dungeon
  4828 | D:5      | Reached skill level 1 in Armour
  4900 | D:5      | Reached XP level 8. HP: 43/48 MP: 9/9
  4993 | D:5      | Found a glowing silver altar of Zin.
  4993 | D:5      | Found an opulent altar of Gozag.
  5126 | D:5      | Reached skill level 5 in Fighting
  5186 | D:5      | Reached skill level 8 in Unarmed Combat
  5638 | D:6      | Found a large runed translucent door.
  5641 | D:6      | Found a large runed translucent door.
  5649 | D:6      | Noticed losten's ghost (novice DsBe)
  5842 | D:6      | Found Debebev's Antique Weapon Emporium.
  5929 | D:6      | Found a staircase to the Ecumenical Temple.
  5942 | D:6      | Reached skill level 9 in Unarmed Combat
  5949 | Temple   | Entered the Ecumenical Temple
  6359 | D:7      | Found an iron altar of Okawaru.
  6363 | D:7      | Found a shattered altar of Ashenzari.
  6367 | D:7      | Became a worshipper of Warmaster Okawaru
  6454 | D:7      | Reached XP level 9. HP: 48/55 MP: 10/10
  6511 | D:7      | Reached * piety under Okawaru
  6536 | D:7      | Reached skill level 10 in Unarmed Combat
  7116 | D:7      | Reached skill level 1 in Invocations
  7396 | D:8      | Found a shadowy altar of Dithmenos.
  7408 | D:8      | Reached skill level 11 in Unarmed Combat
  7415 | D:8      | Noticed Harold
  7437 | D:8      | Killed Harold
  7437 | D:8      | Reached ** piety under Okawaru
  7437 | D:8      | Reached XP level 10. HP: 32/64 MP: 9/13
  7784 | D:8      | Noticed a death yak
  7939 | D:9      | Reached skill level 12 in Unarmed Combat
  7940 | D:9      | Reached *** piety under Okawaru
  8137 | D:9      | Found an ornate altar of the Wu Jian Council.
  8323 | D:9      | Found a basalt altar of Yredelemnul.
  8533 | D:9      | Noticed Grum
  8548 | D:9      | Killed Grum
  8754 | D:10     | Entered Level 10 of the Dungeon
  8754 | D:10     | Noticed a centaur warrior
  8847 | D:10     | Killed an unseen horror
  8847 | D:10     | Reached **** piety under Okawaru
  8847 | D:10     | Reached skill level 5 in Armour
  8847 | D:10     | Reached XP level 11. HP: 58/69 MP: 14/14
  8881 | D:10     | Reached skill level 13 in Unarmed Combat
  8890 | D:10     | Found a staircase to the Orcish Mines.
  9014 | D:10     | Killed a centaur warrior
  9014 | D:10     | Reached ***** piety under Okawaru
  9356 | D:10     | Noticed Joseph
  9369 | D:10     | Killed Joseph
  9920 | D:8      | Killed a death yak
  9920 | D:8      | Received a gift from Okawaru
  9921 | D:8      | Found the +3 sling "Punk" {acid, rCorr}
  9998 | D:8      | Found a staircase to the Lair.
 10000 | D:8      | Noticed a death yak
 10000 | D:8      | Noticed a death yak
 10017 | D:8      | Killed a death yak
 10449 | D:8      | Killed a death yak
 10449 | D:8      | Reached skill level 14 in Unarmed Combat
 10494 | Lair:1   | Entered Level 1 of the Lair of Beasts
 10606 | Lair:1   | Reached XP level 12. HP: 77/77 MP: 15/15
 10803 | Lair:1   | Noticed Nergalle
 10859 | Lair:1   | Killed Nergalle
 11175 | Lair:1   | Received a gift from Okawaru
 11325 | Lair:2   | Reached skill level 10 in Fighting
 11392 | Lair:2   | Noticed a catoblepas
 11416 | Lair:2   | Killed a catoblepas
 11546 | Lair:2   | Found a staircase to the Snake Pit.
 11570 | Lair:2   | Reached skill level 15 in Unarmed Combat
 11636 | Lair:2   | Found a staircase to the Shoals.
 11728 | Lair:2   | Got a dazzling trident
 11732 | Lair:2   | Identified the cursed +1 trident of Fear {flame, rPois rF+}
                  | (You found it on level 2 of the Lair of Beasts)
 11827 | Lair:2   | Reached skill level 5 in Invocations
 12324 | Lair:3   | Noticed Gastronok
 12340 | Lair:3   | Killed Gastronok
 12340 | Lair:3   | Received a gift from Okawaru
 12405 | Lair:3   | Reached XP level 13. HP: 84/84 MP: 18/18
 12768 | Lair:3   | Noticed Urug
 12783 | Lair:3   | Killed Urug
 12785 | Lair:3   | Reached skill level 16 in Unarmed Combat
 13669 | Lair:4   | Received a gift from Okawaru
 14965 | Lair:5   | Found a viscous altar of Jiyva.
 14965 | Lair:5   | Found a staircase to the Slime Pits.
 15001 | Lair:5   | Reached skill level 17 in Unarmed Combat
 15272 | Lair:6   | Entered Level 6 of the Lair of Beasts
 15554 | Lair:6   | Received a gift from Okawaru
 15554 | Lair:6   | Reached XP level 14. HP: 81/91 MP: 17/20
 15581 | Lair:6   | Got a spiked shield {god gift}
 15587 | Lair:6   | Identified the +4 shield of Fun and Games {Int+3} (Okawaru
                  | gifted it to you on level 6 of the Lair of Beasts)
 16080 | Lair:6   | Noticed a dire elephant
 16106 | Lair:6   | Killed a dire elephant
 16734 | Orc:1    | Entered Level 1 of the Orcish Mines
 16734 | Orc:1    | Noticed an orc warlord
 16898 | D:11     | Reached skill level 18 in Unarmed Combat
 17056 | D:11     | Received a gift from Okawaru
 17303 | D:11     | Noticed Josephine
 17323 | D:11     | Killed Josephine
 17403 | D:11     | You are sucked into a shaft and drop 1 floor!
 17458 | D:12     | Found a frozen archway.
 17509 | IceCv    | Entered an ice cave
 17569 | IceCv    | Reached skill level 10 in Dodging
 17730 | IceCv    | Reached XP level 15. HP: 66/97 MP: 21/21
 17809 | IceCv    | Got a transparent scimitar
 17810 | IceCv    | Identified the +4 scimitar "Tengu's Curse" {flame, rF+
                  | Int+3} (You found it in an ice cave)
 18144 | D:11     | Found the +8 whip "Snakebite" {curare, rPois}
 18861 | D:12     | Received a gift from Okawaru
 19479 | D:13     | Noticed Nessos
 19507 | D:13     | Killed Nessos
 19599 | D:13     | Noticed Jorgrun
 19714 | D:13     | Found a gate to the Vaults.
 19772 | D:13     | Found a flagged portal.
 19781 | Bailey   | Entered a bailey
 19859 | Bailey   | Reached skill level 10 in Armour
 19971 | D:13     | Reached skill level 19 in Unarmed Combat
 20601 | D:13     | Found a gate to the Vaults.
 20817 | D:13     | Killed Jorgrun
 21006 | Snake:1  | Entered Level 1 of the Snake Pit
 21820 | Snake:1  | Received a gift from Okawaru
 21906 | Snake:1  | Killed from afar by a shock serpent

Levels and vault maps discovered:
D:1:      minmay_arrival_stone_box, layout_basic, serial_forest,
          infiniplex_forest_clump_double, infiniplex_forest_3_way,
          infiniplex_forest_end_3, infiniplex_forest_lined_corner,
          infiniplex_forest_lined_2, infiniplex_forest_end_2,
          infiniplex_forest_lined_room_3, chequers_serial_rivers_micro_e,
          chequers_serial_rivers_micro_e
D:2:      minmay_kobold_bridge, layout_loops_ring, marbit_many_paths, tgw_xom
D:3:      layout_rooms, st_stairs_3
D:4:      layout_basic, first_ration, fedhas_altar_3, uniq_crazy_yiuf_cottage
D:5:      layout_basic, grunt_temple_overflow_gold_and_silver
D:6:      layout_gridville, temple_pool_b, ebering_ghost_disaster_area,
          serial_shops, shop, grunt_ministairs_10
D:7:      layout_basic, grunt_temple_overflow_open
D:8:      layout_rooms, nicolae_overflow_hidden_temple, dpeg_lair_monsters,
          uniq_harold
D:9:      layout_grid_maze, yredelemnul_altar_generic, lemuel_doored_altar,
          grunt_livestock, uniq_grum
D:10:     layout_basic, zombieorc2_lemuel, uniq_joseph
D:11:     giant_chief_lemuel, layout_cave_pools, uniq_josephine
D:12:     layout_basic, serial_rivers, chequers_serial_rivers_small_b,
          chequers_serial_rivers_small_b, chequers_serial_rivers_micro_a,
          chequers_serial_rivers_room_b, chequers_serial_rivers_large_a,
          portal_ice_cave_entry_ice_beasts, wad_floor_pattern_2
D:13:     layout_long_grid, skrybe_vaults_entry_preservation, enter_bailey_2,
          minmay_holes, uniq_jorgrun, uniq_nessos
Temple:   eino_temple_lava
Lair:1:   layout_regular_city, grunt_megastairs_3, serial_bayou_shore_b,
          lemuel_fruit_fields, uniq_nergalle
Lair:2:   layout_regular_city, shoals_dummy_entry,
          minmay_snake_entry_guardpost_medium, beast_lair_carwin_2
Lair:3:   layout_regular_city, kennysheep_abandoned_house, serial_bayou_shore_b,
          grunt_megastairs_2, uniq_urug, uniq_gastronok
Lair:4:   layout_long_grid, nicolae_lair_yak_garden, infiniplex_staircase_pool_2
Lair:5:   layout_gridlike, dpeg_slime_entry_enclosed_altar, special_room
          [special_room_bee]
Lair:6:   grunt_lair_end_beastmaster, layout_regular_city
Snake:1:  layout_grid_maze
Orc:1:    layout_caves, nicolae_alphabet_shops, sword_in_stone

Skill      XL: |  1  2  3  4  5  6  7  8  9 10 11 12 13 14 15 |
---------------+----------------------------------------------+-----
Unarmed Combat | 4 5 6 7 9 11 12 14 15 17 18 19 | 19.3
Dodging        | 4 5 6 8 10 11 | 11.1
Fighting       | 3 4 6 7 8 9 10 11 12 13 | 13.3
Armour         | 1 2 3 5 6 7 9 10 | 10.4
Invocations    | 2 3 5 7 |  7.0
Throwing       | |  2.0

Action                   |  1- 3 |  4- 6 |  7- 9 | 10-12 | 13-15 || total
-------------------------+-------+-------+-------+-------+-------++-------
Melee: Unarmed           |   103 |   130 |   303 |   586 |   968 ||  2090
       Kick              |    20 |    28 |   113 |   265 |   445 ||   871
       Peck              |    14 |    17 |    61 |   169 |   290 ||   551
       Punch             |     1 |     2 |     8 |    36 |    97 ||   144
Throw: Throwing net      |       |       |       |     1 |       ||     1
Invok: Heroism           |       |       |     2 |    15 |    34 ||    51
       Finesse           |       |       |       |     1 |     6 ||     7
 Abil: Fly               |       |     1 |       |       |       ||     1
  Use: Scroll            |       |    10 |     4 |     4 |     9 ||    27
       Potion            |       |       |       |     1 |     2 ||     3
 Stab: Sleeping          |       |     2 |       |       |     1 ||     3
       Distracted        |       |     1 |       |       |     1 ||     2
       Invisible         |       |       |       |     3 |       ||     3
  Eat: Chunk             |     2 |     7 |     7 |    12 |    15 ||    43
       Ration            |       |       |     1 |     1 |     4 ||     6
Armor: Leather armour    |    27 |    22 |       |       |       ||    49
       Ring mail         |       |     6 |     6 |       |       ||    12
       Chain mail        |       |       |    81 |   145 |   201 ||   427
       Robe              |       |       |       |       |     2 ||     2
Dodge: Dodged            |    66 |    82 |   183 |   324 |   752 ||  1407
